 Dungeon Crawl Stone Soup version 0.19.0-20-gbc5f0c6 (webtiles) character file.

139 bombpersons the Skirmisher (level 5, -1/38 HPs)
             Began as an Octopode Wanderer on Nov 16, 2016.
             Slain by an adder (3 damage)
             ... on level 3 of the Dungeon.
             The game lasted 00:11:37 (2313 turns).

bombpersons the Skirmisher (Octopode Wanderer)      Turns: 2313, Time: 00:11:41

Health: -1/38      AC:  1    Str: 13    XL:     5   Next: 22%
Magic:  7/7        EV: 13    Int: 13    God:
Gold:   44         SH:  0    Dex: 12    Spells: 0 memorised, 6 levels left

rFire  . . .     SeeInvis .     b - +0 quarterstaff
rCold  . . .     Gourm    .     (shield currently unavailable)
rNeg   . . .     Faith    .     (helmet restricted)
rPois  .         Spirit   .     (no amulet)
rElec  .         Reflect  .     j - ring of protection from magic
rCorr  .         Harm     .     (no ring)
MR     +....                    (no ring)
Stlth  +++.......               (no ring)
                                (no ring)
                                (no ring)
                                (no ring)
                                (no ring)

@: lethally poisoned (-1 -> -3)
A: almost no armour, stealthy swim, amphibious, 8 rings, constrict 8, camouflage
1, gelatinous body 1
a: no special abilities


You were on level 3 of the Dungeon.
You were full.

You visited 1 branch of the dungeon, and saw 3 of its levels.

You collected 44 gold pieces.

Inventory:

Hand Weapons
 b - a +0 quarterstaff (weapon)
 k - a +0 hunting sling
Missiles
 a - 5 throwing nets
 l - 40 sling bullets (quivered)
 p - 8 poisoned needles
Armour
 c - a +0 shield
Jewellery
 e - an uncursed ring of ice
 j - a ring of protection from magic (left tentacle)
Scrolls
 f - 4 scrolls of fear {unknown}
 t - a scroll of identify
 v - a scroll of teleportation {unknown}
Potions
 g - 2 potions of curing {unknown}
 h - a potion of ambrosia {unknown}
 m - a potion of agility {unknown}
 n - a potion of heal wounds {unknown}
 u - a potion of resistance {unknown}
Comestibles
 d - a meat ration
 i - 3 beef jerkies
 r - a slice of pizza
 s - 4 fruits


   Skills:
 * Level 4.4 Fighting
   Level 1.0 Long Blades
 - Level 2.0 Staves
 + Level 2.5 Dodging
 + Level 3.3 Stealth
 - Level 1.0 Shields
 + Level 1.4 Spellcasting
   Level 1.1 Evocations


You had 6 spell levels left.
You didn't know any spells.

Dungeon Overview and Level Annotations

Branches:
Dungeon (3/15)

Altars:
Nemelex Xobeh
Ru


Innate Abilities, Weirdness & Mutations

You cannot wear most types of armour.
You are very stealthy in the water. (Stealth+)
You are amphibious.
You can wear up to eight rings at the same time.
You can use your tentacles to constrict eight enemies at once.
Your skin changes colour to match your surroundings (Stealth+).
Your rubbery body absorbs attacks. (AC +1, EV +1)


Message History

The bat barely misses you. The bat hits you. The adder bites you.
You are poisoned.
The adder poisons you! The orc hits you. The rat misses you.
The orc hits you from afar with a trident.
The adder misses you.
You feel sick. The orc barely misses you. The adder misses you.
The orc barely misses you.
As you read the scroll labeled MAKLEM FAXKEIF, it crumbles to dust.
You feel blessed for a moment.
It was a scroll of remove curse.
The bat barely misses you. The adder bites you. The orc hits you.
* * * LOW HITPOINT WARNING * * *
The orc barely misses you. The adder misses you. The adder barely misses you.
As you read the scroll labeled ALAOLI ROUS, it crumbles to dust.
The scroll dissolves into smoke.
It was a scroll of fog.
The adder barely misses you. The orc closely misses you.
The adder closely misses you.
The orc hits you from afar with a trident!
* * * LOW HITPOINT WARNING * * *
The adder bites you.
You die...

.. .## ##
####.##.## .#
........##.#
#......#.# #
##.o......#.#
#.....%...#.##
#....obrb§§..#
#.....ooSS§..#
##....§§@S§..#
##...#§§§####
#########


You could see an orc wizard, 3 adders, 3 orcs, 2 bats and a rat.

Vanquished Creatures
  Jessica (D:2)
  4 gnolls (D:2)
  2 adders
  3 leopard geckos
  8 bats
  2 giant cockroaches (D:1)
  2 goblins
  3 hobgoblins (D:2)
  13 jackals
  4 kobolds
  2 quokkas (D:2)
  A ball python (D:3)
  A frilled lizard (D:2)
  3 rats
49 creatures vanquished.

Notes
Turn   | Place    | Note
-------+----------+-------------------------------------------
     0 | D:1      | bombpersons the Octopode Wanderer began the quest for the Orb.
     0 | D:1      | bombpersons set off with: 4 throwing nets, a +0 quarterstaff, a +0 shield, a bread ration
     0 | D:1      | Reached XP level 1. HP: 16/16 MP: 1/1
   278 | D:1      | Reached skill level 1 in Stealth
   278 | D:1      | Reached XP level 2. HP: 20/21 MP: 2/2
   763 | D:2      | Reached XP level 3. HP: 21/26 MP: 3/3
   810 | D:2      | Found a sacrificial altar of Ru.
   862 | D:2      | Reached skill level 1 in Spellcasting
   865 | D:2      | Reached XP level 4. HP: 23/33 MP: 5/5
  1240 | D:2      | Reached skill level 4 in Fighting
  1375 | D:2      | Noticed Jessica
  1377 | D:2      | Killed Jessica
  1790 | D:2      | Reached XP level 5. HP: 35/37 MP: 6/6
  2080 | D:2      | Found a sparkling altar of Nemelex Xobeh.
  2313 | D:3      | Slain by an adder

Skill      XL: |  1  2  3  4 |
---------------+-------------+-----
Stealth        | 1 2 3 |  3.3
Spellcasting   | 1 |  1.4
Fighting       | 4 |  4.4
Long Blades    | |  1.0
Staves         | |  2.0
Dodging        | |  2.5
Shields        | |  1.0
Evocations     | |  1.1

Action                   |  1- 3 |  4- 6 || total
-------------------------+-------+-------++-------
Melee: Quarterstaff      |    56 |    47 ||   103
       Tentacles         |     8 |    10 ||    18
       Constrict         |    12 |    12 ||    24
  Use: Scroll            |     2 |     2 ||     4
 Stab: Sleeping          |     4 |     3 ||     7
  Eat: Bread ration      |       |     2 ||     2
Armor: Skin              |     4 |     9 ||    13
Dodge: Dodged            |    49 |    62 ||   111
